 Dungeon Crawl Stone Soup version 0.31-a0-188-g5e087ee2ca (webtiles) character file.

Game seed: 2012789038117718162

1803 qw the Skirmisher (level 8, -1/46 HPs)
             Began as a Deep Elf Hunter on June 22, 2023.
             Was an Initiate of Okawaru.
             Killed by divine providence
             ... invoked by an orc priest
              (15 damage)
             ... on level 6 of the Dungeon.
             The game lasted 00:02:01 (5635 turns).

qw the Skirmisher (Deep Elf Hunter)                 Turns: 5635, Time: 00:02:01

Health: -1/46      AC:  8    Str: 10    XL:     8   Next: 83%
Magic:  8/10       EV: 15    Int: 15    God:    Okawaru [......]
Gold:   84         SH:  0    Dex: 18    Spells: 7/7 levels left

rFire   . . .        b - +6 arbalest "Damnation" {damnation}
rCold   + . .        (shield currently unavailable)
rNeg    . . .        c - +0 ring mail {rC+}
rPois   .            (no helmet)
rElec   .            (no cloak)
rCorr   .            d - +0 pair of gloves
SInv    .            h - +0 pair of boots
Will    .....        (no amulet)
Stlth   +++          (no ring)
HPRegen 0.27/turn    (no ring)
MPRegen 0.12/turn

%: no passive effects
@: heroic, mesmerised
A: no striking features
a: Renounce Religion


You were on level 6 of the Dungeon.
You worshipped Okawaru.
Okawaru was noncommittal.
You visited 2 branches of the dungeon, and saw 7 of its levels.
You also visited: Sewer and Ossuary.

You collected 344 gold pieces.
You spent 260 gold pieces at shops.


   Skills:
 - Level 3.0(8.0) Fighting
 - Level 14.0(19.0) Ranged Weapons
 - Level 1.1(6.1) Armour
 + Level 4.9(9.9) Dodging
 - Level 1.2(6.2) Stealth
 - Level 0.6 Invocations


You had 7 spell levels left.
You didn't know any spells.
Your spell library was empty.

Inventory:

Hand Weapons
 b - the +6 arbalest "Damnation" (weapon) {damnation}
   (You acquired it on level 3 of the Dungeon)
Armour
 c - a +0 ring mail of cold resistance (worn)
 d - a +0 pair of gloves (worn)
 h - a +0 pair of boots (worn)
Scrolls
 a - 6 scrolls of identify
 f - 2 scrolls of teleportation
Potions
 e - 4 potions of curing
 g - a potion of enlightenment
 i - 3 potions of mutation
 j - a potion of resistance
 k - 2 potions of might
 l - a potion of magic
 m - a potion of haste

Dungeon Overview and Level Annotations

Branches:
Dungeon (6/15)             Temple (1/1) D:4           Sewer (visited)
Ossuary (visited)

Altars:
Cheibriados
Dithmenos
Elyvilon
Fedhas
Hepliaklqana
Kikubaaqudgha
Makhleb
Okawaru
Qazlal
Ru
Sif Muna
Trog
Uskayaw
Vehumet
Wu Jian
Xom
Yredelemnul
Zin
The Shining One

Shops:
D:1 *   D:4 *?(!:

Annotations:
D:1 2 transporters
D:2 1 runed translucent door, Crazy Yiuf
D:6 Maggie


Message History

The gnoll bouda barks out a call to the hunt!
The gnoll picks up the pace!
Something hits you.
You shoot a damnation bolt.
The damnation bolt barely misses the orc priest.
The orc priest hits you with a +0 hand axe.
The gnoll hits you but does no damage. x2; The orc priest misses you.
Something hits you. The gnoll bouda closely misses you.
The gnoll hits you but does no damage.
You shoot a damnation bolt. The damnation bolt hits the gnoll!!
You kill the gnoll!
Okawaru accepts your kill.
The damnation bolt explodes!
The damnation engulfs the killer bee!!
You kill the killer bee!
Okawaru accepts your kill.
The damnation engulfs the gnoll bouda!!
You kill the gnoll bouda!
Okawaru accepts your kill.
You can now gain great but temporary skills.
You hear an angry buzzing noise.
You hear an angry hiss.
A killer bee comes into view.
The gnoll hits you with a +0 whip!
The orc priest hits you but does no damage.
A gnoll comes into view. It is wielding a +0 club.
A scorpion comes into view.
A killer bee comes into view.
Something hits you but does no damage.
The killer bee moves out of view.
5634 ||| INVOKING Heroism.
You gain the combat prowess of a mighty hero.
You can no longer gain great but temporary skills.
A killer bee comes into view.
The gnoll closely misses you.
The orc priest hits you but does no damage.
An orc comes into view. It is wielding a +0 short sword.
The scorpion barely misses you.
You shoot a damnation bolt.
The damnation bolt barely misses the scorpion.
The scorpion stings you. The gnoll barely misses you.
The orc priest invokes the aid of Beogh against you.
Beogh smites you!
You die...

......g .....
..... #. ...g
... #..##..##
#)......# .
##)....#
....#.g##..#...
.o.s..%{@)%y.#
.).....o.sg.....
..........g.....
................
.......##.###g..
....... ## ..
....... . #.....


You could see 2 scorpions, a killer bee, an orc priest, 4 gnolls and an orc.

Vanquished Creatures
  A wraith (D:5)
  A sky beast (D:6)
  An orc warrior (D:5)
  An ice beast (D:5)
  An ogre (D:5)
  A centaur (D:5)
  2 elf zombies (Ossuary)
  A scorpion (D:4)
  A killer bee (D:6)
  2 howler monkeys (D:4)
  A centaur zombie (Ossuary)
  4 orc priests (D:5)
  A gnoll bouda (D:6)
  A sleepcap (D:5)
  An iguana (D:4)
  Jessica (D:2)
  Natasha (thrice) (D:2)
  2 orc wizards
  4 ogre zombies (Ossuary)
  7 mummies (Ossuary)
  8 gnolls
  7 adders
  3 river rats (Sewer)
  2 white imps
  An ufetubus (D:5)
  2 adder zombies (Ossuary)
  4 worms
  7 dart slugs
  15 orcs
  16 ball pythons
  8 endoplasms
  6 giant cockroaches
  7 goblins
  6 hobgoblins
  7 jackals
  9 kobolds
  10 quokkas
  3 bats
  6 frilled lizards
  A gnoll zombie (Ossuary)
  4 hobgoblin zombies (Ossuary)
  6 kobold zombies (Ossuary)
  6 quokka zombies (Ossuary)
  10 rats
  4 rat zombies (Ossuary)
195 creatures vanquished.

Notes
Turn   | Place    | Note
-------+----------+-------------------------------------------
     0 | D:1      | qw the Deep Elf Hunter began the quest for the Orb.
     0 | D:1      | Reached XP level 1. HP: 12/12 MP: 3/3
     0 | D:1      | 0 ||| qw: Version: 0.3-a-9-g12657ce
     0 | D:1      | 0 ||| qw: Game counter: 2968
     0 | D:1      | 0 ||| qw: Always use a shield: true
     0 | D:1      | 0 ||| qw: God list: Okawaru
     0 | D:1      | 0 ||| qw: Allow faded altars: false
     0 | D:1      | 0 ||| qw: Do Orc after D:15 true
     0 | D:1      | 0 ||| qw: Do second Lair branch before Depths: true
     0 | D:1      | 0 ||| qw: Lair rune preference: random
     0 | D:1      | 0 ||| qw: Plans: Normal
     0 | D:1      | 0 ||| PLANNING D:1-11
    66 | D:1      | Reached XP level 2. HP: 16/16 MP: 4/4
    68 | D:1      | Reached skill level 6 in Ranged Weapons
    82 | D:1      | 82 ||| Stepping ~*~*~tactically~*~*~ (water).
   250 | D:1      | Reached XP level 3. HP: 17/20 MP: 5/5
   368 | D:1      | 368 ||| Stepping ~*~*~tactically~*~*~ (water).
   387 | D:1      | Reached skill level 7 in Ranged Weapons
   503 | D:1      | Found Noufav's Assorted Antiques.
   506 | D:1      | 506 ||| BUYING black potion (18 gold).
   506 | D:1      | Bought a black potion for 18 gold pieces
   506 | D:1      | 506 ||| SHOPLISTING runed scale mail (140 gold, have 20).
   506 | D:1      | 506 ||| BUYING scroll labelled KOVVAA GEUTHRA (20 gold).
   506 | D:1      | Bought a scroll labelled KOVVAA GEUTHRA for 20 gold pieces
   506 | D:1      | 506 ||| SHOPLISTING scroll labelled KOVVAA GEUTHRA (20
                  | gold, have 0).
   506 | D:1      | 506 ||| SHOPLISTING scroll labelled RISAYD WYZANY (20 gold,
                  | have 0).
   828 | D:1      | 828 ||| UPGRADING to +0 pair of gloves.
   833 | D:1      | 833 ||| READING scroll labelled GEGRUI EROF.
   833 | D:1      | Identified a scroll of acquirement
   833 | D:1      | 833 ||| ACQUIRING +3 longbow of flaming
   833 | D:1      | Acquired a +3 longbow of flaming
   835 | D:1      | 835 ||| SWAPPING to +3 longbow of flaming.
   836 | D:1      | 836 ||| DROPPING +0 shortbow.
   837 | D:1      | 837 ||| READING 4 scrolls labelled KOVVAA GEUTHRA.
   838 | D:1      | 838 ||| READING scroll labelled ELUOMULYSS.
   839 | D:1      | 839 ||| READING scroll labelled INEWIPN EWNUDAUNE.
   840 | D:1      | 840 ||| READING scroll labelled YKETTAIRYA.
   843 | D:1      | 843 ||| DRINKING 2 fizzy black potions.
   844 | D:1      | 844 ||| READING 3 scrolls of identify.
   844 | D:1      | 844 ||| IDENTIFYING black potion
   845 | D:1      | 845 ||| DROPPING scroll of butterflies.
   890 | D:2      | Reached XP level 4. HP: 25/25 MP: 6/6
   893 | D:2      | Noticed Jessica
   899 | D:2      | Killed Jessica
   900 | D:2      | Reached skill level 8 in Ranged Weapons
  1263 | D:2      | Found a faded altar of an unknown god.
  1277 | D:2      | Reached XP level 5. HP: 29/29 MP: 7/7
  1293 | D:2      | Noticed Natasha
  1294 | D:2      | Killed Natasha
  1403 | D:2      | Noticed Natasha
  1408 | D:2      | Killed Natasha
  1409 | D:2      | Reached skill level 9 in Ranged Weapons
  1465 | D:2      | Identified the +8 sling of Tortfeasance {flame, Int+3
                  | Dex+3}
  1540 | D:2      | Found a runed translucent door.
  1541 | D:2      | Noticed Crazy Yiuf
  1971 | D:2      | Noticed Natasha
  1974 | D:2      | Killed Natasha
  1975 | D:2      | Reached skill level 3 in Dodging
  2064 | D:2      | 2064 ||| UPGRADING to +0 ring mail.
  2074 | D:2      | 2074 ||| DROPPING +0 leather armour.
  2075 | D:2      | 2075 ||| UPGRADING to +0 pair of boots.
  2080 | D:2      | 2080 ||| READING 3 scrolls of identify.
  2080 | D:2      | 2080 ||| IDENTIFYING puce potion
  2081 | D:2      | 2081 ||| DROPPING potion of degeneration.
  2148 | D:3      | Found a basalt altar of Yredelemnul.
  2197 | D:3      | 2197 ||| FLEEEEING.
  2201 | D:3      | 2201 ||| STAIRDANCE
  2689 | D:3      | 2689 ||| READING scroll of acquirement.
  2689 | D:3      | 2689 ||| ACQUIRING +6 arbalest "Damnation" {damnation}
  2689 | D:3      | Acquired the +6 arbalest "Damnation" {damnation}
  2689 | D:3      | Found the +6 arbalest "Damnation" {damnation}
  2691 | D:3      | 2691 ||| SWAPPING to +6 arbalest "Damnation" {damnation}.
  2694 | D:3      | 2694 ||| DROPPING +3 longbow of flaming.
  2718 | D:3      | Reached XP level 6. HP: 35/35 MP: 8/8
  2739 | D:3      | Found a glowing golden altar of the Shining One.
  2889 | D:3      | Reached skill level 1 in Armour
  3052 | D:3      | 3052 ||| UPGRADING to +0 ring mail of cold resistance.
  3062 | D:3      | 3062 ||| DROPPING +0 ring mail.
  3063 | D:3      | 3063 ||| DROPPING +2 robe of willpower.
  3110 | D:4      | 3110 ||| PLANNING OSSUARY
  3119 | D:4      | Found a staircase to the Ecumenical Temple.
  3168 | D:4      | Found Najixya's Magic Scroll Shoppe.
  3177 | D:4      | 3177 ||| BUYING scroll of identify (26 gold).
  3177 | D:4      | Bought a scroll of identify for 26 gold pieces
  3177 | D:4      | 3177 ||| BUYING scroll of identify (26 gold).
  3177 | D:4      | Bought a scroll of identify for 26 gold pieces
  3289 | D:4      | Found a sand-covered staircase.
  3293 | Ossuary  | Entered an ossuary
  3335 | Ossuary  | Reached skill level 10 in Ranged Weapons
  3335 | Ossuary  | Reached XP level 7. HP: 40/40 MP: 9/9
  3450 | Ossuary  | Reached skill level 11 in Ranged Weapons
  3593 | Ossuary  | 3593 ||| READING scroll labelled BULOZISOAM.
  3594 | Ossuary  | 3594 ||| READING scroll labelled QIZXADUERCH.
  3695 | Ossuary  | 3695 ||| READING 2 scrolls labelled HOXEPUASAH.
  3696 | Ossuary  | 3696 ||| DRINKING 3 bubbling sapphire potions.
  3697 | Ossuary  | 3697 ||| DRINKING 3 potions of curing.
  3697 | Ossuary  | 3697 ||| (to cure confusion)
  3698 | Ossuary  | 3698 ||| DRINKING 2 coppery potions.
  3699 | Ossuary  | 3699 ||| READING 8 scrolls of identify.
  3699 | Ossuary  | 3699 ||| IDENTIFYING metallic green potion
  3700 | Ossuary  | 3700 ||| DROPPING 2 potions of ambrosia.
  3701 | Ossuary  | 3701 ||| DROPPING scroll of fear.
  3713 | D:4      | 3713 ||| PLANNING TEMPLE
  3781 | Temple   | Entered the Ecumenical Temple
  3783 | Temple   | 3783 ||| PLANNING OKAWARU WORSHIP
  4088 | Temple   | Became a worshipper of Warmaster Okawaru
  4089 | Temple   | 4089 ||| PLANNING D:1-11
  4177 | D:4      | Found a white marble altar of Elyvilon.
  4238 | D:4      | Found Hixkudal's Assorted Antiques.
  4243 | D:4      | 4243 ||| SHOPLISTING +2 pair of slick slippers {slick,
                  | slippery, EV+4} (842 gold, have 170).
  4243 | D:4      | 4243 ||| BUYING 2 scrolls of identify (88 gold).
  4243 | D:4      | Bought 2 scrolls of identify for 88 gold pieces
  4243 | D:4      | 4243 ||| BUYING fuming clear potion (19 gold).
  4243 | D:4      | Bought a fuming clear potion for 19 gold pieces
  4243 | D:4      | 4243 ||| BUYING fuming clear potion (19 gold).
  4243 | D:4      | Bought a fuming clear potion for 19 gold pieces
  4243 | D:4      | 4243 ||| SHOPLISTING iron ring (110 gold, have 44).
  4243 | D:4      | 4243 ||| SHOPLISTING potion of curing (66 gold, have 44).
  4243 | D:4      | 4243 ||| BUYING scroll of identify (44 gold).
  4243 | D:4      | Bought a scroll of identify for 44 gold pieces
  4273 | D:4      | Found Lukaotwi's Antique Weapon Emporium.
  4372 | D:4      | Found Bunic's Distillery.
  4374 | D:4      | Found Bielarph's Book Emporium.
  4381 | D:4      | 4381 ||| SHOPLISTING potion of curing (33 gold, have 26).
  4381 | D:4      | 4381 ||| SHOPLISTING potion of enlightenment (55 gold, have
                  | 26).
  4381 | D:4      | 4381 ||| SHOPLISTING potion of haste (110 gold, have 26).
  4381 | D:4      | 4381 ||| SHOPLISTING potion of heal wounds (55 gold, have
                  | 26).
  4589 | D:4      | 4589 ||| DRINKING 2 fuming clear potions.
  4590 | D:4      | 4590 ||| READING 10 scrolls of identify.
  4590 | D:4      | 4590 ||| IDENTIFYING fuming white potion
  4591 | D:4      | 4591 ||| DROPPING potion of brilliance.
  4647 | D:5      | Entered Level 5 of the Dungeon
  4648 | D:5      | 4648 ||| PLANNING SEWER
  4649 | D:5      | Noticed a wraith
  4654 | D:5      | Killed a wraith
  4655 | D:5      | Reached skill level 12 in Ranged Weapons
  4660 | D:5      | Found a hide-covered altar of Uskayaw.
  4665 | D:5      | Reached XP level 8. HP: 44/44 MP: 10/10
  4794 | D:5      | Reached skill level 3 in Fighting
  4828 | D:5      | Found a glowing drain.
  4837 | Sewer    | Entered a sewer
  4850 | Sewer    | 4850 ||| Stepping ~*~*~tactically~*~*~ (water).
  4853 | Sewer    | 4853 ||| Stepping ~*~*~tactically~*~*~ (water).
  4855 | Sewer    | 4855 ||| Stepping ~*~*~tactically~*~*~ (water).
  4859 | Sewer    | 4859 ||| Stepping ~*~*~tactically~*~*~ (water).
  5064 | Sewer    | 5064 ||| Stepping ~*~*~tactically~*~*~ (water).
  5066 | Sewer    | 5066 ||| Stepping ~*~*~tactically~*~*~ (water).
  5068 | Sewer    | 5068 ||| Stepping ~*~*~tactically~*~*~ (water).
  5088 | Sewer    | 5088 ||| READING 3 scrolls labelled HEAXER ASSUNN.
  5089 | Sewer    | 5089 ||| READING 10 scrolls of identify.
  5089 | Sewer    | 5089 ||| IDENTIFYING white potion
  5090 | Sewer    | 5090 ||| READING 9 scrolls of identify.
  5090 | Sewer    | 5090 ||| IDENTIFYING amethyst potion
  5091 | Sewer    | 5091 ||| READING 8 scrolls of identify.
  5091 | Sewer    | 5091 ||| IDENTIFYING glowing orange potion
  5092 | Sewer    | 5092 ||| DROPPING potion of invisibility.
  5093 | Sewer    | 5093 ||| DROPPING potion of lignification.
  5094 | Sewer    | 5094 ||| DROPPING 2 scrolls of fog.
  5106 | D:5      | 5106 ||| PLANNING D:1-11
  5151 | D:5      | Reached * piety under Okawaru
  5152 | D:5      | Reached skill level 13 in Ranged Weapons
  5152 | D:5      | 5152 ||| INVOKING Heroism.
  5210 | D:5      | Found a shimmering blue altar of Sif Muna.
  5361 | D:5      | Found a burning altar of Makhleb.
  5376 | D:5      | 5376 ||| INVOKING Heroism.
  5377 | D:5      | 5377 ||| INVOKING Heroism.
  5378 | D:5      | 5378 ||| INVOKING Heroism.
  5606 | D:5      | 5606 ||| READING 7 scrolls of identify.
  5606 | D:5      | 5606 ||| IDENTIFYING viscous cyan potion
  5622 | D:6      | Noticed Maggie
  5623 | D:6      | 5623 ||| Stepping ~*~*~tactically~*~*~ (outnumbered).
  5630 | D:6      | Reached skill level 14 in Ranged Weapons
  5634 | D:6      | 5634 ||| INVOKING Heroism.
  5635 | D:6      | Killed from afar by an orc priest

Levels and vault maps discovered:
D:1:      spicycebolla_arrival_transporter_tutorial, layout_rooms,
          serial_rivers, chequers_serial_rivers_small_b,
          chequers_serial_rivers_small_3, chequers_serial_rivers_small_3,
          chequers_serial_rivers_large_b, chequers_serial_rivers_micro_a,
          chequers_serial_rivers_large_a, serial_shops,
          nicolae_shop_behind_doors, chequers_serial_rivers_micro_c
D:2:      layout_basic, shapermc_ecumenical_altar_gd, minivault_19,
          minmay_quadrilaterals, uniq_crazy_yiuf_cottage, uniq_natasha,
          uniq_jessica
D:3:      layout_loops_ring, old_standard_altar,
          mainiacjoe_overflow_cross_hatched, bh_walls_and_bars, uniq_sigmund
D:4:      layout_basic, lemuel_coloured_pillars_altar,
          minmay_temple_entry_offerings, enter_ossuary_5, serial_shops,
          nicolae_shop_pleasant_corner_grove, shop, nicolae_lakefront_shop,
          shop, shop
D:5:      layout_basic, old_standard_altar, mainiacjoe_overflow_tiny_flanked,
          eat_drink_and_be_merry_uskayaw, portal_sewer_entry_a
D:6:      layout_cave_pools, minmay_shop_damaged, uniq_pikel,
          uniq_blork_the_orc, uniq_edmund, uniq_maggie
Temple:   compressed_dpeg_triangle_lava_temple

Skill      XL: |  1  2  3  4  5  6  7  8 |
---------------+-------------------------+-----
Ranged Weapons | 6 7 8 9 10 12 14 | 14.0
Dodging        | 3 4 |  4.9
Fighting       | 2 3 |  3.0
Armour         | 1 |  1.1
Stealth        | |  1.2
Invocations    | |  0.6

Action                     |  1- 3 |  4- 6 |  7- 9 || total
---------------------------+-------+-------+-------++-------
   Fire: Shortbow          |    79 |       |       ||    79
         Longbow           |     1 |    89 |       ||    90
         Arbalest          |       |    29 |   119 ||   148
 Invoke: Heroism           |       |       |     3 ||     3
    Use: Scroll            |     6 |     2 |    10 ||    18
         Potion            |     1 |       |     4 ||     5
 Armour: Leather armour    |     6 |     2 |       ||     8
         Ring mail         |       |     3 |    11 ||    14
  Dodge: Dodged            |    17 |    17 |    22 ||    56

Table legend:
 A = Non-vault XP
 B = Vault XP
 C = Vault XP percentage of total XP
 D = Non-vault monster count
 E = Vault monster count
 F = Vault count percentage of total count
                 A         B        C        D         E       F
            +---------+---------+-------+---------+---------+-------
      Total |    1900 |     677 |  26.3 |     131 |      64 |  32.8
            +---------+---------+-------+---------+---------+-------
        D:1 |      70 |       0 |   0.0 |      32 |       0 |   0.0
        D:2 |     183 |      95 |  34.2 |      34 |       9 |  20.9
        D:3 |     114 |       0 |   0.0 |      20 |       0 |   0.0
        D:4 |     252 |       0 |   0.0 |      15 |       0 |   0.0
        D:5 |     988 |       3 |   0.3 |      22 |       2 |   8.3
        D:6 |     293 |       0 |   0.0 |       8 |       0 |   0.0
      Sewer |       0 |      89 | 100.0 |       0 |      16 | 100.0
    Ossuary |       0 |     490 | 100.0 |       0 |      37 | 100.0
            +---------+---------+-------+---------+---------+-------
